Map: Blackpink LE

Players

TRaFFiC

  • Race: Zerg Zerg
  • League: Master
  • Spawn Location: 1:00

FLORENCIO - Winner!

  • Race: Protoss Protoss
  • League: Master
  • Spawn Location: 7:00

VOD

Have the link to the VOD?

Description

Time

  • Played on: March 12, 2018, 8:03 p.m.
  • Length: 8:40
Show
View Real Time Build Order
Export as new Build Order

TRaFFiC Zerg 

Build Orders: Hatch First 

Get SALT Encoding   

  12  0:01  Drone  
  13  0:13  Overlord  
  13  0:17  Drone  
  14  0:32  Drone x2  
  16  0:36  Drone  
  17  1:05  Hatchery  
  17  1:08  Spawning Pool  
  15  1:12  Drone  
  15  1:17  Drone  
  17  1:18  Drone  
  18  1:27  Extractor  
  18  1:32  Drone  
  18  1:39  Drone  
  19  1:52  Overlord  
  19  1:59  Queen  
  19  2:00  Zergling x2  
  22  2:11  Zergling x2  
  23  2:17  Zergling x2  
  23  2:18  Zergling x2  
  25  2:31  Zergling x4  
  25  2:34  Metabolic Boost  
  27  2:38  Zergling x2  
  27  2:39  Zergling x2  
  28  2:55  Zergling x4  
  26  3:01  Roach Warren  
  26  3:03  Zergling x2  
  23  3:13  Zergling x10  
  26  3:28  Drone  
  27  3:35  Drone  
  27  3:38  Extractor  
  27  3:42  Roach  
  29  3:54  Overlord  
  28  4:05  Roach  
  28  4:07  Overlord  
  28  4:08  Lair  
  30  4:11  Overlord  
  29  4:28  Roach  
  29  4:29  Roach  
  33  4:37  Roach  
  39  4:45  Roach x2  
  39  4:46  Roach  
  40  5:05  Ravager  
  40  5:06  Drone x2  
  43  5:12  Overlord x2  
  43  5:13  Zergling x2  
  43  5:14  Zergling x2  
  45  5:15  Ravager  
  46  5:23  Zergling x2  
  47  5:31  Queen  
  42  5:45  Zergling x2  
  42  5:46  Zergling x4  
  41  5:54  Zergling x2  
  41  5:55  Zergling x2  
  43  5:57  Overseer  
  43  6:03  Zergling x2  
  44  6:14  Drone x3  
  47  6:25  Drone  
  48  6:34  Drone  
  49  6:46  Drone x2  
  50  6:47  Drone  
  50  6:52  Hatchery  
  50  7:21  Drone x3  
  53  7:24  Spore Crawler  
  53  7:27  Hatchery  
  47  7:32  Spore Crawler  
  47  7:34  Spore Crawler  
  37  7:46  Spore Crawler  
  30  7:59  Spore Crawler  
  29  8:08  Spore Crawler  
  29  8:09  Spore Crawler  
  27  8:18  Spore Crawler  
Show
View Real Time Build Order
Export as new Build Order

FLORENCIO Protoss - Winner!

Build Orders: 1 Gate Expand 

Get SALT Encoding   

  12  0:00  Probe (Chrono Boost)  
  13  0:11  Probe (Chrono Boost)  
  14  0:19  Probe  
  15  0:25  Pylon  
  15  0:43  Probe  
  15  0:47  Gateway  
  16  1:05  Pylon  
  16  1:19  Nexus  
  16  1:24  Forge  
  16  1:27  Probe (Chrono Boost)  
  17  1:36  Probe (Chrono Boost)  
  17  1:39  Pylon  
  18  1:46  Zealot  
  20  1:57  Photon Cannon  
  20  2:09  Photon Cannon  
  20  2:13  Pylon  
  20  2:19  Zealot (Chrono Boost)  
  22  2:35  Photon Cannon  
  22  2:40  Photon Cannon  
  22  2:44  Probe  
  23  2:59  Probe  
  23  3:05  Assimilator  
  24  3:07  Assimilator  
  24  3:12  Probe  
  21  3:23  Photon Cannon  
  21  3:25  Probe (Chrono Boost)  
  22  3:30  Photon Cannon  
  22  3:31  Probe (Chrono Boost)  
  23  3:41  Probe x2 (Chrono Boost)  
  25  3:46  Probe (Chrono Boost)  
  25  3:48  Probe (Chrono Boost)  
  27  3:53  Cybernetics Core  
  27  4:00  Probe (Chrono Boost)  
  28  4:03  Probe (Chrono Boost)  
  28  4:07  Probe (Chrono Boost), Zealot  
  31  4:20  Probe (Chrono Boost)  
  32  4:24  Assimilator  
  32  4:29  Probe (Chrono Boost)  
  33  4:33  Assimilator  
  33  4:34  Probe (Chrono Boost)  
  34  4:44  Stargate  
  34  4:49  Stargate  
  34  4:55  Shield Battery  
  34  4:56  Pylon  
  34  5:03  Probe  
  35  5:15  Stargate  
  35  5:16  Probe (Chrono Boost)  
  37  5:22  Probe (Chrono Boost)  
  37  5:24  Shield Battery  
  37  5:26  Shield Battery  
  37  5:27  Probe (Chrono Boost)  
  38  5:32  Void Ray, Probe (Chrono Boost)  
  41  6:02  Void Ray  
  45  6:14  Photon Cannon  
  45  6:28  Photon Cannon  
  43  6:34  Pylon  
  41  6:53  Pylon  
  41  6:59  Shield Battery  
  41  7:06  Pylon  
  41  7:10  Void Ray  
  45  7:52  Void Ray  
  53  8:19  Pylon  
Tags
 
Add a new tag
Caveats
  • Supply blocks, unpowered buildings, or Contaminate may cause inaccurate times.
  • Supply counts are checked every 10 seconds.